Map: Ice and Chrome LE

Players

LiquidClem (Clem)

  • Race: Terran Terran
  • League: Grandmaster
  • Spawn Location: 7:00

ShoWTimE - Winner!

  • Race: Protoss Protoss
  • League: Grandmaster
  • Spawn Location: 1:00

Event: DreamHack SC2 Masters 2020 Fall

VOD

Have the link to the VOD?

Description

Time

  • Played on: Sept. 8, 2020, 1:49 p.m.
  • Length: 13:05

All games in this series

Show
View Real Time Build Order
Export as new Build Order

LiquidClem Terran 

Build Orders: 1/1/1 

Get SALT Encoding   

  12  0:00  SCV  
  13  0:12  SCV  
  14  0:17  Supply Depot  
  14  0:24  SCV  
  15  0:38  Barracks  
  15  0:40  SCV  
  16  0:45  Refinery  
  16  0:52  SCV  
  16  0:54  Refinery  
  17  1:04  SCV  
  18  1:16  SCV  
  19  1:25  Marine  
  19  1:28  Orbital Command  
  20  1:33  Factory  
  20  1:42  Supply Depot  
  20  1:51  Barracks Reactor  
  20  1:55  SCV  
  21  2:07  SCV  
  22  2:19  SCV  
  23  2:25  Starport  
  23  2:31  Hellion x2  
  23  2:32  SCV, Supply Depot  
  28  2:44  SCV  
  29  2:52  Hellion  
  29  2:54  Hellion  
  29  2:58  SCV, Supply Depot  
  34  3:03  Medivac  
  36  3:06  Armory  
  36  3:14  Widow Mine  
  36  3:16  Barracks Reactor  
  36  3:19  SCV  
  39  3:20  Widow Mine  
  41  3:37  Command Center  
  41  3:40  Starport Tech Lab  
  41  3:46  SCV  
  42  3:50  Supply Depot  
  42  3:52  Marine  
  42  3:53  Marine  
  44  3:58  Raven  
  46  4:03  SCV  
  45  4:11  Marine  
  45  4:15  SCV  
  47  4:23  Marine  
  47  4:24  Supply Depot  
  48  4:27  SCV  
  48  4:29  Bunker  
  48  4:30  Marine  
  46  4:39  SCV  
  46  4:45  Marine  
  46  4:48  Marine  
  46  4:51  Orbital Command, Barracks  
  43  4:55  Siege Tank  
  43  4:57  SCV  
  47  5:03  Viking  
  47  5:05  Marine  
  50  5:07  Marine  
  50  5:10  SCV  
  52  5:17  SCV  
  52  5:20  Barracks  
  53  5:22  SCV  
  53  5:23  Marine  
  53  5:25  Marine  
  56  5:29  SCV  
  56  5:34  Siege Tank, SCV  
  60  5:36  Starport Tech Lab  
  60  5:41  SCV  
  61  5:45  Barracks Tech Lab, Marine x2  
  61  5:46  SCV  
  61  5:49  Supply Depot  
  64  5:50  Engineering Bay  
  64  5:52  Refinery  
  64  5:53  SCV  
  65  5:58  SCV  
  65  6:01  Supply Depot  
  66  6:05  Stimpack, Marine  
  66  6:06  SCV  
  66  6:07  Marine  
  66  6:09  Starport Reactor  
  66  6:10  SCV  
  70  6:15  Siege Tank  
  70  6:17  Terran Infantry Weapons Level 1  
  73  6:19  Refinery  
  73  6:20  SCV  
  73  6:21  Supply Depot  
  73  6:22  SCV  
  75  6:26  Marine x2  
  75  6:27  Marauder  
  75  6:30  Marauder  
  81  6:36  Combat Shield  
  81  6:40  Supply Depot  
  81  6:44  Marine x2  
  83  6:49  Marauder  
  83  6:51  Marauder  
  87  6:55  Command Center  
  87  6:59  Supply Depot  
  87  7:04  Medivac  
  87  7:05  Supply Depot  
  87  7:06  Medivac  
  87  7:08  Marine  
  92  7:09  Marine  
  92  7:12  Marauder  
  95  7:17  Siege Tank  
  95  7:20  Supply Depot  
  95  7:21  SCV x2  
  100  7:26  Marauder  
  100  7:27  Marine  
  103  7:33  Marine  
  103  7:35  Marauder  
  103  7:36  SCV  
  107  7:38  SCV  
  98  7:45  Barracks  
  98  7:46  Medivac, Barracks  
  98  7:49  Medivac  
  103  7:57  SCV x2  
  104  8:01  Supply Depot  
  104  8:02  Marauder  
  106  8:09  SCV  
  106  8:12  Marauder x2  
  113  8:13  Widow Mine x2  
  113  8:14  Terran Infantry Weapons Level 2  
  113  8:18  Engineering Bay  
  115  8:21  SCV x2  
  115  8:25  Marauder  
  119  8:28  Orbital Command  
  119  8:33  SCV x2, Concussive Shells  
  121  8:36  Barracks Tech Lab, Barracks Reactor  
  121  8:39  Marauder  
  121  8:40  Marauder  
  125  8:46  Marauder, SCV  
  119  8:48  SCV  
  119  8:51  Widow Mine  
  119  8:55  SCV, Marine  
  118  9:00  Marine  
  118  9:01  Marine  
  104  9:06  Widow Mine  
  104  9:07  Marine  
  92  9:13  Widow Mine, Marine  
  92  9:14  SCV  
  92  9:15  SCV  
  75  9:18  SCV  
  75  9:19  Marauder x2, Marine  
  76  9:26  SCV, Marauder  
  76  9:27  Orbital Command, Widow Mine  
  76  9:31  Marauder, Marine  
  80  9:32  SCV  
  73  9:38  SCV  
  73  9:39  Marine  
  73  9:40  Marine  
  73  9:41  Widow Mine  
  73  9:44  SCV  
  79  9:47  Marauder  
  79  9:48  Marine  
  79  9:49  Widow Mine  
  79  9:52  Marine  
  80  9:55  SCV  
  80  9:58  Marauder, Marine  
  79  10:00  SCV  
  79  10:01  SCV  
  79  10:06  Marine  
  80  10:07  SCV  
  80  10:08  Marine  
  80  10:11  Marine  
  80  10:12  SCV  
  80  10:14  SCV  
  82  10:16  Marine  
  82  10:18  Widow Mine  
  82  10:19  Marauder  
  87  10:22  SCV  
  87  10:24  Marine  
  87  10:25  Widow Mine  
  87  10:26  SCV, Marine  
  91  10:29  Marine  
  91  10:32  SCV  
  91  10:34  Marauder  
  94  10:36  Terran Infantry Armor Level 1  
  94  10:40  Marine  
  94  10:42  Marine  
  86  10:45  Medivac, Marine  
  86  10:46  SCV  
  85  10:52  Marine  
  85  10:56  Marauder  
  86  10:58  Marine  
  86  11:00  Medivac, Marine  
  86  11:03  Marine  
  90  11:04  SCV  
  90  11:11  Widow Mine  
  87  11:15  Medivac, Marine  
  87  11:16  Marine  
  81  11:20  Marine  
  81  11:21  SCV  
  81  11:24  Marine  
  84  11:28  Marine  
  84  11:30  Medivac  
  84  11:32  Widow Mine  
  87  11:33  Marine  
  87  11:39  SCV  
  86  11:43  Marine x2  
  86  11:45  Medivac, Widow Mine  
  86  11:47  Marine  
  90  11:52  Marine  
  88  11:55  SCV  
  88  12:00  Medivac  
  85  12:05  Marine x2  
  83  12:11  Widow Mine  
  83  12:13  Marine  
  83  12:16  Widow Mine  
  83  12:22  Marine  
  74  12:24  Marauder  
  72  12:31  Marine  
  72  12:33  Widow Mine  
  70  12:38  Widow Mine  
  70  12:40  Marine  
  71  12:44  Marine  
Show
View Real Time Build Order
Export as new Build Order

ShoWTimE Protoss - Winner!

Build Orders: 1 Gate Expand, Blink Stalkers 

Get SALT Encoding   

  12  0:00  Probe  
  13  0:12  Probe  
  14  0:17  Pylon  
  14  0:24  Probe (Chrono Boost)  
  15  0:36  Probe (Chrono Boost)  
  15  0:37  Gateway  
  16  0:44  Probe (Chrono Boost)  
  16  0:46  Assimilator  
  17  0:50  Probe  
  18  1:03  Probe  
  19  1:15  Probe  
  20  1:21  Nexus  
  20  1:31  Cybernetics Core  
  20  1:34  Probe  
  20  1:38  Assimilator  
  21  1:46  Probe  
  22  1:49  Pylon  
  22  1:58  Probe  
  23  2:04  Adept (Chrono Boost)  
  23  2:07  Warp Gate  
  25  2:10  Probe  
  26  2:22  Probe  
  27  2:27  Stalker (Chrono Boost)  
  28  2:33  Probe  
  28  2:34  Probe  
  30  2:38  Twilight Council  
  30  2:45  Probe  
  30  2:46  Probe  
  30  2:48  Stalker (Chrono Boost)  
  34  2:57  Probe  
  35  2:58  Probe  
  35  3:00  Gateway  
  36  3:08  Shield Battery  
  36  3:09  Blink (Chrono Boost), Probe  
  36  3:12  Probe  
  38  3:24  Robotics Facility  
  38  3:26  Probe  
  39  3:30  Probe  
  40  3:34  Pylon  
  40  3:38  Probe  
  41  3:44  Assimilator, Probe  
  42  3:51  Probe  
  43  3:55  Stalker  
  43  3:56  Probe  
  43  3:57  Pylon, Stalker  
  48  4:03  Pylon, Probe  
  48  4:08  Probe  
  41  4:12  Observer (Chrono Boost)  
  41  4:15  Probe  
  43  4:19  Stalker  
  43  4:20  Stalker  
  43  4:21  Probe  
  48  4:27  Probe  
  49  4:33  Probe  
  47  4:39  Probe  
  47  4:43  Stalker  
  47  4:45  Probe  
  45  4:49  Stalker  
  45  4:51  Probe  
  47  4:54  Observer  
  47  4:57  Probe  
  49  5:03  Probe  
  50  5:09  Probe  
  50  5:11  Nexus  
  50  5:12  Pylon  
  50  5:13  Observer  
  51  5:16  Probe  
  51  5:21  Gateway, Probe  
  52  5:28  Probe  
  54  5:33  Probe (Chrono Boost)  
  55  5:37  Charge  
  55  5:40  Gateway, Probe (Chrono Boost)  
  56  5:43  Observer  
  56  5:45  Gateway, Probe (Chrono Boost)  
  56  5:47  Sentry  
  56  5:49  Probe (Chrono Boost)  
  60  5:51  Probe (Chrono Boost)  
  60  5:55  Probe  
  62  6:00  Gateway, Probe  
  63  6:07  Phoenix, Probe  
  63  6:09  Gateway  
  64  6:12  Probe  
  64  6:17  Gateway  
  64  6:19  Probe (Chrono Boost), Pylon  
  64  6:22  Sentry  
  64  6:23  Sentry  
  64  6:24  Probe (Chrono Boost)  
  64  6:25  Observer  
  71  6:27  Probe (Chrono Boost)  
  71  6:31  Probe (Chrono Boost)  
  73  6:36  Probe (Chrono Boost)  
  73  6:37  Probe (Chrono Boost)  
  73  6:39  Probe (Chrono Boost)  
  76  6:41  Probe (Chrono Boost)  
  76  6:42  Probe (Chrono Boost)  
  76  6:43  Pylon  
  76  6:45  Probe  
  79  6:48  Zealot  
  79  6:49  Zealot  
  79  6:50  Probe  
  79  6:53  Probe  
  79  6:54  Pylon  
  85  6:58  Probe  
  85  6:59  Zealot x2  
  85  7:01  Warp Prism (Chrono Boost)  
  90  7:08  Zealot x2  
  96  7:11  Pylon  
  96  7:14  Zealot  
  98  7:17  Zealot x2  
  98  7:20  Pylon  
  102  7:26  Pylon  
  102  7:27  Stalker x2  
  106  7:31  Stalker  
  106  7:36  Stalker x2  
  110  7:50  Pylon  
  110  7:51  Zealot x3  
  116  7:52  Zealot  
  116  7:53  Zealot  
  116  7:55  Zealot  
  122  8:01  Warp Prism (Chrono Boost)  
  122  8:02  Pylon  
  124  8:15  Pylon  
  124  8:17  Zealot x8, Colossus (Chrono Boost)  
  140  8:22  Pylon  
  140  8:29  Pylon  
  140  8:45  Zealot  
  140  8:46  Zealot x7  
  130  9:12  Zealot x8  
  110  9:38  Zealot  
  110  9:39  Zealot x7  
  110  9:40  Probe x3  
  129  9:45  Forge  
  129  9:47  Templar Archives  
  129  9:48  Forge  
  109  9:58  Observer  
  109  9:59  Stalker x8  
  119  10:01  Probe  
  119  10:02  Probe x2  
  116  10:09  Immortal  
  118  10:15  Assimilator  
  118  10:16  Assimilator  
  118  10:23  Zealot x7  
  118  10:25  Zealot  
  118  10:45  High Templar x6, Protoss Ground Armor Level 1 (Chrono Boost)  
  118  10:46  High Templar x2  
  118  10:48  Probe x3  
  129  10:51  Archon x4  
  127  11:06  Protoss Ground Weapons Level 1 (Chrono Boost)  
  127  11:09  Nexus  
  121  11:17  Zealot x3  
  121  11:18  Zealot x5  
  127  11:20  Pylon  
  129  11:33  Immortal  
  129  11:38  Sentry x3  
  129  11:39  Zealot x5  
  131  11:59  Zealot x5  
  133  12:05  Zealot x3  
  120  12:21  Immortal  
  116  12:23  Zealot x5  
  116  12:28  Zealot x3  
  120  12:37  Probe  
  120  12:39  Observer  
  109  12:45  Stalker x5  
  109  12:50  Zealot x3  

Tags
 
Add a new tag
Caveats
  • Supply blocks, unpowered buildings, or Contaminate may cause inaccurate times.
  • Supply counts are checked every 10 seconds.